 Dungeon Sprint DCSS version 0.31-a0-276-ge00219d475 (webtiles) character file.

Game seed: 18184683876611249162

2835 Conn the Arsonist (level 9, 0/52 HPs)
             Began as an Octopode Fire Elementalist on July 15, 2023.
             Was a Believer of Sif Muna.
             Engulfed by a cloud of steam (12 damage)
             ... in the Dungeon (Sprint I: "Red Sonja").
             The game lasted 00:06:46 (1049 turns).

Conn the Arsonist (Octopode Fire Elementalist)      Turns: 1049, Time: 00:06:49

Health: 0/52       AC:  1    Str:  7    XL:     9   Next: 73%
Magic:  17/25      EV: 20    Int: 21    God:    Sif Muna [**....]
Gold:   903        SH:  0    Dex: 13    Spells: 22/32 levels left

rFire   . . .        (no weapon)
rCold   . . .        (no shield)
rNeg    . . .        (helmet restricted)
rPois   .            (no amulet)
rElec   .            k - +5 ring of evasion
rCorr   .            (no ring)
SInv    .            (no ring)
Will    .....        (no ring)
Stlth   +++++        (no ring)
HPRegen 0.28/turn    (no ring)
MPRegen 0.19/turn    (no ring)
                     (no ring)

%: no teleportation
@: no status effects
A: almost no armour, amphibious, 8 rings, camouflage 1, gelatinous body 1,
(nimble swimmer 1), tentacles
a: Renounce Religion, Channel Magic


You were in the Dungeon.
You worshipped Sif Muna.
Sif Muna was pleased with you.
You visited 1 branch You collected 903 gold pieces.

Inventory:

Hand Weapons
 h - a +0 dagger of venom
Missiles
 i - 4 curare-tipped darts (quivered)
Jewellery
 k - a +5 ring of evasion (left tentacle)
Wands
 e - a wand of roots (7)
 g - a wand of polymorph (9)
Scrolls
 f - a scroll of blinking
Potions
 a - 3 potions of magic
 b - 5 potions of curing
 c - a potion of heal wounds
 d - a potion of haste


   Skills:
 + Level 0.8 Fighting
 + Level 5.5 Dodging
 + Level 7.8 Stealth
 + Level 12.0 Spellcasting
 + Level 4.1 Conjurations
 + Level 5.2 Hexes
 + Level 14.6 Fire Magic
 + Level 3.5 Evocations


You had 22 spell levels left.
You knew the following spells:

 Your Spells              Type           Power      Damage    Failure   Level
a - Foxfire               Conj/Fire      100%       2x1d9     1%          1
b - Scorch                Fire           100%       2d9       1%          2
c - Inner Flame           Hex/Fire       53%        N/A       1%          3
d - Flame Wave            Conj/Fire      51%        2d13      1%          4

Your spell library contained the following spells:

 Spells                   Type           Power      Damage    Failure   Level
 Volatile Blastmotes      Fire/Tloc      86%        2d17      1%          3


Dungeon Overview and Level Annotations

Branches:
Dungeon (1/1)

Altars:
Cheibriados
Dithmenos
Elyvilon
Fedhas
Gozag
Hepliaklqana
Kikubaaqudgha
Makhleb
Nemelex Xobeh
Okawaru
Qazlal
Ru
Sif Muna
Trog
Uskayaw
Vehumet
Wu Jian
Xom
Yredelemnul
Zin
The Shining One
Jiyva
Lugonu

Shops:
D [*[


Innate Abilities, Weirdness & Mutations

You cannot wear most types of armour.
You are amphibious.
You can wear up to eight rings at the same time.
Your skin changes colour to match your surroundings (Stealth+).
Your rubbery body absorbs attacks. (AC +1, EV +1)
((You are camouflaged when in or above water. (Stealth+)))
You have tentacles for arms and can constrict up to eight enemies at once.


Message History

There is an open door, spattered with blood here.
You see here a +0 shortbow.
There is an open door here.
Casting: Scorch (safe; 1% risk of failure)
Confirm with . or Enter, or press ? or * to list all spells.
Flames lash the centaur warrior.
The centaur warrior shouts!
The centaur warrior is lightly wounded.
The centaur warrior's fire resistance burns away.
The centaur warrior hits you. The centaur warrior kicks you.
Casting: Scorch (safe; 1% risk of failure)
Confirm with . or Enter, or press ? or * to list all spells.
Casting: Flame Wave (dangerous; 1% risk of failure)
Press: ? - help, Dir - look around, f - activate A wave of flame ripples out!
The flame wave engulfs the centaur warrior!
The centaur warrior is burned terribly!
The centaur warrior is moderately wounded. (Press . to intensify the flame waves.)
The centaur warrior hits you! The centaur warrior kicks you.
The centaur warrior is engulfed in a cloud of scalding steam.
The centaur warrior misses you. The centaur warrior kicks you.
Unknown command.
A wave of flame ripples out!
The flame wave engulfs the centaur warrior!
The centaur warrior is burned terribly!
The centaur warrior is severely wounded.
You are engulfed in a cloud of scalding steam.
You hear an angry buzzing noise.
The centaur warrior is engulfed in a cloud of scalding steam.
The centaur warrior hits you.
* * * LOW HITPOINT WARNING * * *
The centaur warrior closely misses you.
A wave of flame ripples out!
The flame wave engulfs the centaur warrior!
The centaur warrior is burned terribly!
The centaur warrior is almost dead.
You finish channelling waves of flame.
You are engulfed in a cloud of scalding steam.
You die...

############### ###############
############################****
#<.#..'..#..'..#__#..'...#!?*,,,
#..)..#).)..#..'..'..#[..##+*,**
#..#####'#####'#__####...+ss*,*,
#..####..#...#.####$§#####ss+,*+
#..#__####..##)#§§§§.#§§##+#***,
#..#_____##'#§§@§§§§.'.y#...,,*,
#⌠⌠#_.∩...'.§.§#c§§..#..#...,,+,
####_..__##_.#§##'#####'###○,,*,
*,,#_____###'#.#.§(.###P'$#.,,**
############.####'###.##*,*,,***
#∩........'...[.....'.∩#*,*,,***
###++++####...##########*,**+*,,
*,,,,,,,*###.###,,,,,,,**,**,*,,
*,,,,,,,,#.#'#.#,,,,,,,,+,****,,


You could see a centaur warrior (combustible).

Vanquished Creatures
  A centaur warrior (D)
  Sonja (D)
  A deep troll (D)
  2 kobold demonologists (D)
  A slime creature (D)
  Sigmund (D)
  A yak (D)
  A floating eye (D)
  An ogre (D)
  A jelly (D)
  Ijyb (D)
  A ballistomycete spore (D)
13 creatures vanquished.

Vanquished Creatures (others)
  A ballistomycete spore (D)
  37 foxfires (D)
38 creatures vanquished.

Grand Total: 51 creatures vanquished

Notes
Turn   | Place    | Note
-------+----------+-------------------------------------------
     0 | D        | Conn the Octopode Fire Elementalist began the quest for the
                  | Orb.
     0 | D        | Reached XP level 1. HP: 11/11 MP: 3/3
     3 | D        | Noticed Ijyb
    11 | D        | Killed Ijyb
    12 | D        | Reached skill level 5 in Fire Magic
    12 | D        | Reached XP level 2. HP: 14/17 MP: 0/6
    12 | D        | Reached XP level 3. HP: 18/21 MP: 0/7
    57 | D        | Learned a level 2 spell: Scorch
    61 | D        | Learned a level 3 spell: Inner Flame
    65 | D        | Noticed an ogre
    67 | D        | Killed an ogre
    68 | D        | Reached skill level 7 in Fire Magic
    68 | D        | Reached XP level 4. HP: 27/27 MP: 2/10
   149 | D        | Learned a level 4 spell: Flame Wave
   149 | D        | Noticed Sigmund
   157 | D        | Killed Sigmund
   158 | D        | Reached skill level 5 in Stealth
   158 | D        | Reached skill level 5 in Spellcasting
   158 | D        | Reached skill level 9 in Fire Magic
   158 | D        | Reached skill level 1 in Evocations
   158 | D        | Reached XP level 5. HP: 31/31 MP: 11/13
   158 | D        | Reached XP level 6. HP: 36/36 MP: 11/14
   198 | D        | Found a shimmering blue altar of Sif Muna.
   199 | D        | Found an ornate altar of the Wu Jian Council.
   200 | D        | Found a radiant altar of Vehumet.
   204 | D        | Became a worshipper of Sif Muna the Loreminder
   213 | D        | Reached skill level 10 in Fire Magic
   239 | D        | Found Eforch's General Store.
   239 | D        | Found an ancient bone altar of Kikubaaqudgha.
   239 | D        | Found a hazy altar of Hepliaklqana.
   239 | D        | Found a stormy altar of Qazlal.
   239 | D        | Found a hide-covered altar of Uskayaw.
   239 | D        | Found a blossoming altar of Fedhas.
   239 | D        | Found a bloodstained altar of Trog.
   239 | D        | Found an iron altar of Okawaru.
   239 | D        | Found a basalt altar of Yredelemnul.
   239 | D        | Found a glowing golden altar of the Shining One.
   239 | D        | Found a snail-covered altar of Cheibriados.
   239 | D        | Found a sacrificial altar of Ru.
   239 | D        | Found a glowing silver altar of Zin.
   239 | D        | Found a shadowy altar of Dithmenos.
   239 | D        | Found a white marble altar of Elyvilon.
   239 | D        | Noticed a yak
   246 | D        | Killed a yak
   247 | D        | Reached skill level 5 in Dodging
   247 | D        | Reached skill level 11 in Fire Magic
   247 | D        | Reached XP level 7. HP: 41/41 MP: 6/17
   249 | D        | Found an opulent altar of Gozag.
   250 | D        | Found a sparkling altar of Nemelex Xobeh.
   324 | D        | Found a burning altar of Makhleb.
   324 | D        | Found a viscous altar of Jiyva.
   324 | D        | Found a shimmering altar of Xom.
   324 | D        | Found a corrupted altar of Lugonu.
   324 | D        | Noticed a slime creature
   331 | D        | Killed a slime creature
   331 | D        | Reached * piety under Sif Muna
   395 | D        | Noticed a kobold demonologist
   398 | D        | Noticed a kobold demonologist
   400 | D        | Reached skill level 1 in Hexes
   400 | D        | Reached skill level 12 in Fire Magic
   405 | D        | Noticed a rust devil
   405 | D        | Killed a kobold demonologist
   405 | D        | Killed a kobold demonologist
   405 | D        | Reached ** piety under Sif Muna
   406 | D        | Reached XP level 8. HP: 40/46 MP: 0/21
   554 | D        | Noticed Sonja
   557 | D        | Killed Sonja
   558 | D        | Reached skill level 10 in Spellcasting
   558 | D        | Reached skill level 13 in Fire Magic
   558 | D        | Reached XP level 9. HP: 52/52 MP: 13/23
   673 | D        | Found Qiuptah's Antique Armour Boutique.
   701 | D        | Noticed a deep troll
   710 | D        | Killed a deep troll
   711 | D        | Reached skill level 14 in Fire Magic
   778 | D        | Found Wezaix's Armour Emporium.
   863 | D        | Noticed a centaur warrior
   866 | D        | Noticed a centaur warrior
   879 | D        | Killed a centaur warrior
   880 | D        | Reached skill level 5 in Hexes
  1035 | D        | Noticed a demonic crawler
  1035 | D        | Noticed a demonic crawler
  1035 | D        | Noticed a demonic crawler
  1035 | D        | Noticed a demonic crawler
  1035 | D        | Noticed a hornet
  1035 | D        | Noticed an oklob plant
  1049 | D        | Engulfed by a cloud of steam

Illustrated notes

Levels and vault maps discovered:
D:        dungeon_sprint_1 [red_sonja_temple_1, red_sonja_temple_small_1]

Skill      XL: |  1  2  3  4  5  6  7  8  9 |
---------------+----------------------------+-----
Stealth        | 3 4 5 6 7 |  7.8
Spellcasting   | 3 4 5 6 9 10 12 | 12.0
Fire Magic     | 5 7 9 11 12 13 14 | 14.6
Dodging        | 3 4 5 |  5.5
Evocations     | 1 2 3 |  3.5
Conjurations   | 2 3 4 |  4.1
Hexes          | 2 3 5 |  5.2
Fighting       | |  0.8

Action                     |  1- 3 |  4- 6 |  7- 9 || total
---------------------------+-------+-------+-------++-------
  Melee: Unarmed           |     6 |       |       ||     6
         Tentacles         |     2 |       |       ||     2
         Constrict         |     1 |       |       ||     1
   Cast: Foxfire           |     3 |     2 |    18 ||    23
         Scorch            |     1 |     5 |    10 ||    16
         Inner Flame       |     1 |       |     9 ||    10
         Flame Wave        |       |       |     1 ||     1
  Evoke: Wand              |       |     4 |       ||     4
    Use: Potion            |     1 |       |       ||     1
         Scroll            |       |       |     2 ||     2
  Dodge: Dodged            |     3 |     1 |     4 ||     8

Table legend: (Time is in decaauts)
 A = Elapsed time spent in this place.
 B = Non-inter-level travel time spent in this place.
 C = Inter-level travel time spent in this place.
 D = Time resting spent in this place.
 E = Time spent auto-exploring this place.
 F = Levels seen in this place.
 G = Mean time per level.
                   A        B        C        D        E       F      G
               +--------+--------+--------+--------+--------+-----+--------+
         Total |   1058 |   1058 |      0 |    603 |      0 |   1 | 1058.0 |
       Dungeon |   1058 |   1058 |      0 |    603 |      0 |   1 | 1058.0 |
               +--------+--------+--------+--------+--------+-----+--------+

Top non-repeatable levels by time:
       D: 1058 daAuts
